Warning! The script has encountered some errors when parsing the replay. Please report them to the . » details
0x00, prev: 0x16: 16 02 01 00 DA 1F 00 00 AB EE 1A 00 [00] 00 00 00 00 00 00 00 00 00 00 00 00 00 00 00 00 00 00 00 00 00 00 00 00 00
0x00, prev: 0x00: 16 02 01 00 DA 1F 00 00 AB EE 1A 00 00 00 00 00 00 00 00 00 00 00 00 00 00 00 00 00 00 00 00 00 00 00 00 00 [00] 00
0x00, prev: 0x01: 16 02 01 00 FD 55 00 00 A1 2C 04 00 00 00 00 00 00 00 00 00 00 00 00 00 00 00 00 00 00 00 00 00 00 00 00 00 01 [00]
0x00, prev: 0x04: 16 02 01 00 69 54 00 00 E0 EC 00 00 00 00 00 00 00 00 00 00 00 00 00 00 00 00 00 00 00 00 00 00 00 00 00 00 04 [00]
0x00, prev: 0x05: 16 02 01 00 A8 3E 00 00 96 BC 00 00 00 00 00 00 00 00 00 00 00 00 00 00 00 00 00 00 00 00 00 00 00 00 00 00 05 [00]
0x09, prev: 0x00: 16 02 01 00 54 5A 00 00 7B 2F 1A 00 00 00 00 00 00 00 00 00 00 00 00 00 00 00 00 00 00 00 00 00 00 00 00 00 [09] 00
0x0A, prev: 0x00: 16 02 01 00 B7 45 00 00 94 AC 00 00 00 00 00 00 00 00 00 00 00 00 00 00 00 00 00 00 00 00 00 00 00 00 00 00 [0A] 00
0x00, prev: 0x02: 16 02 01 00 B7 45 00 00 94 AC 00 00 00 00 00 00 00 00 00 00 00 00 00 00 00 00 00 00 00 00 00 00 00 00 00 00 02 [00]
0x0E, prev: 0x00: 16 02 01 00 40 41 00 00 35 AF 00 00 00 00 00 00 00 00 00 00 00 00 00 00 00 00 00 00 00 00 00 00 00 00 00 00 [0E] 00 02 03 00 18 00 03
0x08, prev: 0x00: 16 02 01 00 57 40 00 00 8C DC 14 00 00 00 00 00 00 00 00 00 00 00 00 00 00 00 00 00 00 00 00 00 00 00 00 00 [08] 00
0x0C, prev: 0x00: 16 02 04 00 42 06 00 00 54 79 06 00 D0 13 00 00 05 1C 0A 00 E3 2C 00 00 2B 1C 0A 00 07 5D 00 00 25 70 0A 00 00 00 00 00 00 00 00 00 00 00 00 00 00 00 00 00 00 00 00 00 00 00 00 00 [0C] 00
0x00, prev: 0x12: [00] 00 00 00 00 00 00 00 00 00 00 00 00 00 00 00 00 00 00 00 00 00 00 00 02 00
0x15, prev: 0x00: 16 02 01 00 48 0D 00 00 2E FB 08 00 00 00 00 00 00 00 00 00 00 00 00 00 00 00 00 00 00 00 00 00 00 00 00 00 [15] 00
0x00, prev: 0x1A: 16 02 01 00 D1 4C 00 00 CC E8 09 00 00 00 00 00 00 00 00 00 00 00 00 00 00 00 00 00 00 00 00 00 00 00 00 00 1A [00]
General information
- name: BNet
- type: Ladder team game (AT/RT)
- host: Battle.net
- saver: Oi-i_
map: Highperch
- players: 6
- length: 144:26
- speed: Fast
- version: 1.23 W3XP
- replay type: Public
» download(687 KB)
Players
team 1 (winner)
Oi-i_ (
blue | 49 APM | 4526 actions | 92:48)
4 Archmage
1 Blizzard
2 Brilliance Aura
1 Mass Teleport
» actions
| Assign group hotkey | 49 | |
| Basic commands | 203 | |
| Build / train | 126 | |
| ESC pressed | 11 | |
| Enter build submenu | 78 | |
| Enter hero's abilities submenu | 8 | |
| Give item / drop item | 22 | |
| Remove unit from queue | 1 | |
| Right click | 1460 | |
| Select / deselect | 852 | |
| Select group hotkey | 1188 | |
| Use ability | 527 | |
4526 total
» units
| Peasant | 14 | |
| Mortar Team | 4 | |
| Gryphon Rider | 2 | |
| Dragonhawk Rider | 7 | |
| Siege Engine | 6 | |
| Sorceress | 3 | |
36 total
» upgrades
| Masonry | 3 | |
| Gunpowder | 3 | |
| Magic Sentry | 1 | |
| Lumber Harvesting | 2 | |
| Fragmentation Shards | 1 | |
| Flare | 1 | |
| Armor | 2 | |
| Barrage | 1 | |
| Flak Cannons | 1 | |
| Plating | 3 | |
| Cloud | 1 | |
| Sorceress Training | 1 | |
20 total
» buildings
| Lumber Mill | 2 | |
| Farm | 13 | |
| Scout Tower | 68 | |
| Altar of Kings | 1 | |
| Guard Tower | 31 | |
| Arcane Tower | 8 | |
| Keep | 2 | |
| Castle | 2 | |
| Gryphon Aviary | 2 | |
| Blacksmith | 1 | |
| Town Hall | 2 | |
| Arcane Sanctum | 1 | |
| Workshop | 4 | |
| Arcane Vault | 1 | |
138 total
» build order
00:18 Lumber Mill
00:33 Farm
00:45 Scout Tower
00:48 Scout Tower
01:11 Altar of Kings
01:16 Scout Tower
01:19 Scout Tower
01:21 Guard Tower
01:34 Arcane Tower
01:50 Scout Tower
02:00 Guard Tower
02:02 Scout Tower
02:06 Arcane Tower
02:17 Farm
02:19 Scout Tower
02:24 Guard Tower
02:28 Scout Tower
02:34 Scout Tower
02:46 Arcane Tower
02:53 Farm
02:58 Scout Tower
02:59 Guard Tower
03:03 Arcane Tower
03:05 Scout Tower
03:22 Farm
03:30 Guard Tower
03:33 Scout Tower
03:34 Guard Tower
03:34 Guard Tower
03:37 Keep
03:39 Scout Tower
03:45 Guard Tower
03:45 Guard Tower
03:45 Guard Tower
04:02 Guard Tower
04:02 Guard Tower
04:04 Scout Tower
04:06 Scout Tower
04:25 Guard Tower
04:27 Scout Tower
04:28 Scout Tower
04:29 Scout Tower
04:53 Scout Tower
05:32 Guard Tower
05:35 Guard Tower
07:10 Scout Tower
07:14 Scout Tower
07:15 Scout Tower
07:20 Scout Tower
07:20 Scout Tower
11:00 Guard Tower
53:28 Scout Tower
» items
| Staff of Teleportation | 2 | |
| Boots of Speed | 1 | |
| Orb of Lightning | 1 | |
| Tiny Great Hall | 2 | |
| Scroll of Town Portal | 5 | |
| Staff of Sanctuary | 2 | |
| Mechanical Critter | 2 | |
15 total
PEACENOPEACE (
purple | 55 APM | 5098 actions | 92:46)
6 Blademaster
2 Wind Walk
1 Critical Strike
1 Bladestorm
2 Mirror Image
» actions
| Assign group hotkey | 41 | |
| Basic commands | 247 | |
| Build / train | 108 | |
| Enter build submenu | 36 | |
| Enter hero's abilities submenu | 9 | |
| Give item / drop item | 16 | |
| Right click | 2429 | |
| Select / deselect | 555 | |
| Select group hotkey | 1129 | |
| Use ability | 526 | |
5098 total
» units
» upgrades
| Liquid Fire | 1 | |
| Ranged Weapons | 2 | |
| Armor | 2 | |
5 total
» buildings
| Altar of Storms | 1 | |
| Orc Burrow | 10 | |
| War Mill | 1 | |
| Watch Tower | 19 | |
| Stronghold | 4 | |
| Voodoo Lounge | 2 | |
| Beastiary | 2 | |
| Fortress | 2 | |
41 total
» build order
00:06 Altar of Storms
00:10 Orc Burrow
00:12 Orc Burrow
00:41 War Mill
01:26 Orc Burrow
02:31 Watch Tower
02:34 Watch Tower
03:09 Watch Tower
03:11 Watch Tower
03:43 Stronghold
03:43 Stronghold
03:43 Stronghold
03:48 Orc Burrow
03:54 Orc Burrow
04:53 Orc Burrow
» items
| Boots of Speed | 1 | |
| Dust of Appearance | 2 | |
| Staff of Teleportation | 1 | |
| Orb of Lightning | 1 | |
| Potion of Lesser Invulnerability | 20 | |
| Scroll of Town Portal | 1 | |
26 total
SimeonsDilemma (
teal | 56 APM | 3702 actions | 66:03)
4 Warden
1 Shadow Strike
3 Blink
» actions
| Assign group hotkey | 55 | |
| Basic commands | 71 | |
| Build / train | 73 | |
| ESC pressed | 14 | |
| Enter build submenu | 28 | |
| Enter hero's abilities submenu | 6 | |
| Give item / drop item | 4 | |
| Right click | 1460 | |
| Select / deselect | 641 | |
| Select group hotkey | 1035 | |
| Use ability | 314 | |
3702 total
» units
| Wisp | 23 | |
| Druid of the Talon | 21 | |
44 total
» upgrades
| Ultravision | 1 | |
| Strength of the Wild | 2 | |
| Druid of the Talon Training | 2 | |
| Well Spring | 1 | |
| Reinforced Hides | 2 | |
| Mark of the Talon | 1 | |
9 total
» buildings
| Altar of Elders | 2 | |
| Moon Well | 16 | |
| Tree of Ages | 1 | |
| Hunter's Hall | 1 | |
| Tree of Life | 2 | |
| Tree of Eternity | 2 | |
| Ancient of Wonders | 2 | |
| Ancient of Wind | 2 | |
28 total
» build order
00:12 Altar of Elders
00:17 Moon Well
03:10 Moon Well
03:14 Moon Well
04:53 Moon Well
45:57 Moon Well
46:03 Moon Well
46:06 Moon Well
46:22 Moon Well
47:09 Altar of Elders
47:23 Moon Well
49:44 Moon Well
49:49 Moon Well
49:57 Moon Well
» items
| Healing Salve | 1 | |
| Lesser Clarity Potion | 1 | |
| Scroll of Town Portal | 1 | |
| Orb of Lightning | 1 | |
| Boots of Speed | 1 | |
5 total
team 2 (loser)

»
CaptainCoco (
orange | 145 APM | 13439 actions | 92:46)
2 Blademaster
1 Wind Walk
1 Critical Strike
2 Shadow Hunter
1 Hex
1 Healing Wave
» actions
| Assign group hotkey | 70 | |
| Basic commands | 128 | |
| Build / train | 98 | |
| Enter build submenu | 61 | |
| Enter hero's abilities submenu | 6 | |
| Give item / drop item | 15 | |
| Remove unit from queue | 2 | |
| Right click | 7317 | |
| Select / deselect | 1194 | |
| Select group hotkey | 4184 | |
| Use ability | 364 | |
13439 total
» units
| Peon | 16 | |
| Grunt | 4 | |
| Raider | 2 | |
| Spirit Walker | 3 | |
| Troll Batrider | 31 | |
| Kodo Beast | 1 | |
57 total
» upgrades
| Berserker Strength | 1 | |
| Ensnare | 1 | |
| Reinforced Defenses | 1 | |
| Armor | 1 | |
| War Drums Damage Increase | 1 | |
| Liquid Fire | 1 | |
| Pillage | 1 | |
7 total
» buildings
| Altar of Storms | 2 | |
| Orc Burrow | 20 | |
| Barracks | 1 | |
| Voodoo Lounge | 2 | |
| War Mill | 1 | |
| Stronghold | 1 | |
| Watch Tower | 16 | |
| Beastiary | 3 | |
| Spirit Lodge | 1 | |
| Great Hall | 1 | |
| Fortress | 1 | |
49 total
» build order
00:08 Altar of Storms
00:15 Orc Burrow
00:38 Barracks
01:30 Voodoo Lounge
01:52 Orc Burrow
02:48 War Mill
03:19 Stronghold
04:17 Watch Tower
04:19 Orc Burrow
04:53 Watch Tower
11:00 Watch Tower
19:34 Orc Burrow
19:42 Altar of Storms
26:32 Orc Burrow
26:38 Orc Burrow
27:52 Orc Burrow
28:58 Orc Burrow
32:52 Orc Burrow
» items
| Healing Salve | 4 | |
| Lesser Clarity Potion | 3 | |
| Circlet of Nobility | 1 | |
| Scroll of Speed | 1 | |
| Orb of Lightning | 1 | |
| Dust of Appearance | 3 | |
| Staff of Teleportation | 1 | |
| Potion of Lesser Invulnerability | 6 | |
20 total

»
Geffrey (
yellow | 112 APM | 10426 actions | 92:46)
4 Death Knight
2 Death Coil
2 Unholy Aura
3 Lich
2 Frost Nova
1 Frost Armor
» actions
| Assign group hotkey | 144 | |
| Basic commands | 8 | |
| Build / train | 68 | |
| Enter build submenu | 31 | |
| Enter hero's abilities submenu | 9 | |
| Give item / drop item | 9 | |
| Remove unit from queue | 3 | |
| Right click | 3992 | |
| Select / deselect | 988 | |
| Select group hotkey | 4976 | |
| Use ability | 198 | |
10426 total
» units
| Acolyte | 9 | |
| Ghoul | 4 | |
| Crypt Fiend | 19 | |
| Meatwagon | 1 | |
| Obsidian Statue | 1 | |
| Frost Wyrm | 7 | |
41 total
» upgrades
| Creature Attack | 2 | |
| Web | 1 | |
| Creature Carapace | 1 | |
4 total
» buildings
| Crypt | 2 | |
| Ziggurat | 10 | |
| Graveyard | 1 | |
| Altar of Darkness | 1 | |
| Tomb of Relics | 1 | |
| Halls of the Dead | 1 | |
| Black Citadel | 1 | |
| Slaughterhouse | 1 | |
| Sacrificial Pit | 1 | |
| Boneyard | 2 | |
| Nerubian Tower | 2 | |
| Necropolis | 1 | |
24 total
» build order
00:11 Crypt
00:14 Ziggurat
00:40 Graveyard
01:06 Altar of Darkness
01:40 Tomb of Relics
01:53 Ziggurat
03:59 Ziggurat
04:49 Halls of the Dead
04:53 Crypt
» items
| Rod of Necromancy | 1 | |
| Orb of Corruption | 1 | |
| Dust of Appearance | 3 | |
| Potion of Healing | 1 | |
| Staff of Teleportation | 1 | |
7 total

»
paulxty (
red | 54 APM | 5032 actions | 92:46)
3 Death Knight
1 Death Coil
2 Unholy Aura
2 Lich
1 Frost Nova
1 Frost Armor
» actions
| Assign group hotkey | 36 | |
| Basic commands | 378 | |
| Build / train | 55 | |
| Enter build submenu | 38 | |
| Enter hero's abilities submenu | 7 | |
| Give item / drop item | 2 | |
| Remove unit from queue | 2 | |
| Right click | 2457 | |
| Select / deselect | 1152 | |
| Select group hotkey | 746 | |
| Use ability | 159 | |
5032 total
» units
| Acolyte | 11 | |
| Ghoul | 3 | |
| Crypt Fiend | 4 | |
| Obsidian Statue | 1 | |
| Frost Wyrm | 6 | |
| Meatwagon | 5 | |
30 total
» upgrades
| Web | 1 | |
| Burrow | 1 | |
| Freezing Breath | 1 | |
| Creature Attack | 0 | |
| Creature Carapace | 1 | |
4 total
» buildings
| Crypt | 1 | |
| Graveyard | 1 | |
| Ziggurat | 13 | |
| Altar of Darkness | 2 | |
| Tomb of Relics | 2 | |
| Halls of the Dead | 3 | |
| Slaughterhouse | 1 | |
| Black Citadel | 1 | |
| Sacrificial Pit | 4 | |
| Boneyard | 1 | |
| Necropolis | 3 | |
32 total
» build order
00:09 Crypt
00:19 Graveyard
00:43 Ziggurat
00:57 Altar of Darkness
01:52 Tomb of Relics
02:01 Ziggurat
03:25 Halls of the Dead
04:53 Necropolis
25:42 Necropolis
26:00 Necropolis
27:51 Ziggurat
27:54 Tomb of Relics
27:59 Ziggurat
28:51 Ziggurat
28:53 Ziggurat
32:11 Halls of the Dead
32:52 Sacrificial Pit
68:01 Altar of Darkness
76:26 Sacrificial Pit
» items
| Rod of Necromancy | 2 | |
| Dust of Appearance | 1 | |
| Orb of Corruption | 1 | |
| Staff of Teleportation | 1 | |
| Potion of Lesser Invulnerability | 1 | |
6 total
Chat log
(00:01 / Allies) Oi-i_: ...
(00:02 / Allies) Oi-i_: lol
(00:21 / Allies) Oi-i_: michael dont forget to feed
(00:34 / Allies) SimeonsDilemma: ZEEEEEEEEEEEEEEEZZZZZZZZZZ
(00:38 / Allies) Oi-i_: GOLD
(00:39 / Allies) Oi-i_: GOLD
(00:40 / Allies) Oi-i_: GOLD
(00:40 / Allies) Oi-i_: GOLD
(00:41 / Allies) Oi-i_: GOLD
(00:42 / Allies) Oi-i_: GOLD
(00:43 / Allies) Oi-i_: GOLD
(00:43 / Allies) Oi-i_: GOLD
(00:53 / Allies) Oi-i_: DOTN WAIT until its in JUICY lumps
(01:01 / Allies) Oi-i_: at start feed a lot
(01:05 / Allies) Oi-i_: later its not so improtant
(01:12 / Allies) PEACENOPEACE: FEEDING 30 GOLD ATA TIME
(01:13 / Allies) SimeonsDilemma: w/e wre not gonna lose
(01:13 / Allies) PEACENOPEACE: IS OGOD
(01:43 / Allies) Oi-i_: tommy u not gonna tower?
(01:48 / Allies) Oi-i_: if not then wood me
(01:55 / Allies) PEACENOPEACE: comin roit over
(02:39 / Allies) Oi-i_: keep that wood rollin in
(02:44 / Allies) Oi-i_: dont be ashamed to give less htan 200 at a time
(03:27 / Allies) Oi-i_: heoro still nto built
(03:49 / Allies) Oi-i_: tommy help michael
(03:51 / Allies) Oi-i_: creep that shop
(03:52 / Allies) SimeonsDilemma: hero dacing east
(03:58 / Allies) SimeonsDilemma: facing
(04:20 / Allies) PEACENOPEACE: tehse guys arent that bad
(04:38 / Allies) Oi-i_: get da boots
(04:53 / Allies) PEACENOPEACE: fucking orc base
(05:14 / Allies) SimeonsDilemma: they didnt upgrade threir units
(05:26 / All) Oi-i_: welcome to high perch
(05:26 / Allies) PEACENOPEACE: red necropole top right
(05:28 / All) Oi-i_: enjoy your stay
(05:56 / Allies) PEACENOPEACE: he still has a shade
(06:18 / All) Oi-i_: now u have no main!
(06:24 / Allies) SimeonsDilemma: is it better to get lvl 3 shdowbullet or lvl 3 blink first?
(06:24 / All) Oi-i_: i guess u can always quickhall tho
(06:29 / Allies) Oi-i_: blink
(06:45 / Allies) Oi-i_: go ahead ands taff up
(06:46 / Allies) Oi-i_: both of u
(06:50 / Allies) Oi-i_: lets give them some time to marinate
(06:52 / Allies) SimeonsDilemma: no
(07:14 / Allies) PEACENOPEACE: quit putting it down
(07:16 / Allies) PEACENOPEACE: wtf are yo udoing
(07:21 / Allies) Oi-i_: ?
(07:28 / Allies) PEACENOPEACE: look at michnaels her
(07:30 / Allies) PEACENOPEACE: ialso inc bats
(07:32 / Allies) SimeonsDilemma: i dont want you to use it
(07:55 / Allies) PEACENOPEACE: invis
(07:55 / Allies) PEACENOPEACE: yeah
(08:05 / Allies) PEACENOPEACE: 2 late
(08:06 / Allies) PEACENOPEACE: he elft
(08:08 / Allies) Oi-i_: u chased him away
(08:09 / Allies) Oi-i_: :[
(08:19 / Allies) PEACENOPEACE: shades
(08:20 / Allies) PEACENOPEACE: b careful
(08:33 / Allies) PEACENOPEACE: where are hte pigs at
(08:36 / Allies) PEACENOPEACE: say dont ping
(08:38 / Allies) Oi-i_: bottom elft
(08:42 / Allies) Oi-i_: and bottom mid
(08:46 / Allies) PEACENOPEACE: what if they coutner perch
(08:51 / Allies) Oi-i_: that would be awse3some
(08:52 / Allies) Oi-i_: but they wont
(08:54 / Allies) Oi-i_: dotn know how
(08:55 / Allies) Oi-i_: too last
(08:59 / Allies) Oi-i_: 2 broke
(09:05 / Allies) PEACENOPEACE: do you have a reveal
(09:08 / Allies) PEACENOPEACE: i want to eat his shade
(09:10 / Allies) Oi-i_: morst
(09:12 / Allies) Oi-i_: 4 morst
(10:17 / Allies) PEACENOPEACE: get ready to reveal that shade
(10:19 / Allies) PEACENOPEACE: at bottom mid
(10:26 / Allies) PEACENOPEACE: r?
(10:32 / Allies) SimeonsDilemma: the warden has a plume of hair sticking out of its helmet
(10:41 / Allies) Oi-i_: no more lfare left
(10:46 / Allies) PEACENOPEACE: that was very hack
(10:51 / Allies) Oi-i_: go top mid
(10:54 / Allies) Oi-i_: im gonna invis hawks somwe bats
(10:55 / Allies) Oi-i_: then tp out
(11:00 / Allies) Oi-i_: just lich orb
(11:01 / Allies) Oi-i_: yeah they do have hex
(11:02 / Allies) Oi-i_: actually
(11:04 / Allies) PEACENOPEACE: with no orb
(11:09 / Allies) Oi-i_: level 1 sh
(11:11 / Allies) PEACENOPEACE: and net
(11:14 / Allies) PEACENOPEACE: theyre not using it though
(11:17 / Allies) Oi-i_: yeah no orb
(11:18 / Allies) Oi-i_: wtf
(11:22 / Allies) Oi-i_: 1 shade
(11:24 / Allies) PEACENOPEACE: the herd is on the move
(11:56 / Allies) PEACENOPEACE: you should leave hte quick hall up there in case you die
(12:01 / Allies) Oi-i_: w/e
(12:19 / Allies) Oi-i_: LOL
(13:24 / Allies) PEACENOPEACE: lewl
(13:53 / Allies) Oi-i_: lol at left side
(13:55 / Allies) PEACENOPEACE: tiume to storm the fort again
(14:17 / All) Oi-i_: is this admiral jeffy
(14:18 / All) Oi-i_: and crew?
(14:29 / All) Oi-i_: i think weve done this to you before
(14:30 / All) Oi-i_: lol
(14:33 / All) PEACENOPEACE: sailor jeffy?
(14:35 / All) PEACENOPEACE: is that you?
(14:37 / All) Oi-i_: press SHIFT+ENTER to chat to all
(14:57 / Allies) Oi-i_: he isnt reveivng hiero
(15:03 / Allies) SimeonsDilemma: "maybe they will get bored and leave if we dont talk"
(15:15 / All) Oi-i_: lets see 6000 gold at high upkeep comes to what? like 900?
(15:25 / All) Oi-i_: hat enough for about 8 towers
(16:21 / Allies) Oi-i_: 2 riosky
(17:00 / All) Oi-i_: why did you put that orb on ur dk
(17:05 / All) Oi-i_: dk is only swinigng half the time
(17:07 / All) Oi-i_: lich is always shooting
(17:08 / Allies) SimeonsDilemma: couple of hackers
(17:08 / All) Oi-i_: l2p
(17:14 / Allies) Oi-i_: them? id otn think so
(17:17 / Allies) PEACENOPEACE: i doubt it
(17:19 / Allies) Oi-i_: thy seem pretty horrible
(17:21 / Allies) PEACENOPEACE: intuition
(17:22 / Allies) PEACENOPEACE: luck
(17:25 / Allies) PEACENOPEACE: no way they could hack
(17:29 / Allies) Oi-i_: lets bat this
(17:32 / Allies) Oi-i_: these guys are too zzz
(17:33 / Allies) Oi-i_: ill cloud
(17:38 / Allies) PEACENOPEACE: k
(17:39 / Allies) Oi-i_: 1 of u guys do bats
(17:45 / Allies) PEACENOPEACE: ill do
(17:48 / Allies) Oi-i_: let michael
(17:49 / Allies) Oi-i_: soak xp
(18:46 / Allies) Oi-i_: god hes mining at 4 food above pkeep
(18:47 / Allies) Oi-i_: what ar etard
(19:45 / Allies) PEACENOPEACE: those dont give xp
(19:48 / Allies) PEACENOPEACE: unless he upgrades them
(19:53 / Allies) Oi-i_: wabnna bat the orc base?
(19:56 / All) Geffrey: do you enjoy this game?
(19:58 / Allies) Oi-i_: wed have to be ready to run
(20:00 / All) Oi-i_: yes
(20:01 / All) Oi-i_: do u?
(20:16 / All) Geffrey: are you noobs?
(20:16 / Allies) PEACENOPEACE: yeah why not
(20:18 / Allies) Oi-i_: let all of xp from orc base
(20:20 / Allies) Oi-i_: go to warden
(20:21 / All) Oi-i_: yeah
(20:25 / All) Oi-i_: we basically only beat trash
(20:27 / Allies) PEACENOPEACE: michaell
(20:31 / Allies) PEACENOPEACE: get close to the orc base
(20:37 / All) Oi-i_: i dont think ive ever beaten someone capable of defeating the campaign
(20:43 / Allies) PEACENOPEACE: use hide
(20:57 / Allies) Oi-i_: b
(21:25 / Allies) PEACENOPEACE: lol i lost everything
(21:28 / Allies) PEACENOPEACE: i dont ev know how
(21:35 / Allies) PEACENOPEACE: its like i tell them to run across the mpa
(21:38 / Allies) PEACENOPEACE: and they stop and ocme back
(21:41 / Allies) Oi-i_: tghat was me
(21:43 / Allies) Oi-i_: >_>
(21:48 / Allies) Oi-i_: i was tryign to bat the wyrms
(21:50 / Allies) SimeonsDilemma: lal
(22:14 / Allies) Oi-i_: feel free to abuse invul pots
(22:16 / Allies) Oi-i_: and bstorm
(22:33 / All) Geffrey: do you have gold?
(22:37 / All) Oi-i_: no
(22:40 / All) Oi-i_: spent last bit on towers
(23:07 / Allies) PEACENOPEACE: michael go pick at their buildigngs
(23:09 / Allies) PEACENOPEACE: then go up cliff
(23:17 / Allies) PEACENOPEACE: there are four peons to be had
(23:19 / Allies) PEACENOPEACE: in those burrows
(23:20 / All) Geffrey: can you move out?
(23:24 / All) Oi-i_: no
(23:25 / Allies) PEACENOPEACE: i will hurt the buildings
(23:27 / Allies) PEACENOPEACE: then move back
(23:28 / All) Geffrey: we can finish it
(23:29 / Allies) PEACENOPEACE: michael finish
(23:49 / Allies) PEACENOPEACE: ruj
(23:53 / Allies) PEACENOPEACE: N
(24:06 / Allies) PEACENOPEACE: blink
(24:06 / Allies) PEACENOPEACE: out
(24:09 / Allies) PEACENOPEACE: wtf @ u
(24:14 / Allies) Oi-i_: ...
(24:20 / Allies) SimeonsDilemma: who did that dumb staff?
(24:21 / Allies) PEACENOPEACE: why didnt you b,link up cliff
(24:23 / Allies) Oi-i_: michael give tommy half ur gold
(24:24 / Allies) Oi-i_: that staff
(24:26 / Allies) Oi-i_: didnt hrut u
(24:27 / Allies) PEACENOPEACE: what the fuck were you doing
(24:31 / Allies) Oi-i_: you were already bagged and snagged
(24:35 / Allies) SimeonsDilemma: i was gonna bl;ink past them
(24:40 / Allies) Oi-i_: u cant blink
(24:41 / Allies) PEACENOPEACE: tyeah right
(24:41 / Allies) Oi-i_: when ur bagged
(24:42 / Allies) SimeonsDilemma: couldnr get up clidf
(24:43 / Allies) PEACENOPEACE: into what
(24:43 / Allies) Oi-i_: u were dead
(24:44 / All) Geffrey: out bitches
(24:55 / Allies) Oi-i_: tiommy
(24:57 / Allies) Oi-i_: snipe his shade
(24:58 / Allies) Oi-i_: on let
(25:03 / Allies) Oi-i_: left
(25:04 / Allies) Oi-i_: come snipe it
(25:07 / Allies) PEACENOPEACE: im ready
(25:10 / Allies) PEACENOPEACE: r?
(25:14 / Allies) Oi-i_: ya
(25:28 / All) Oi-i_: 27.5 gold
(25:29 / All) Oi-i_: for that dust
(25:30 / All) Oi-i_: plus 10
(25:39 / Allies) PEACENOPEACE: spider attack folowing me
(26:07 / Allies) Oi-i_: tommy et a tp
(26:10 / Allies) Oi-i_: or at least invul
(26:12 / Allies) Oi-i_: no more disasters
(26:15 / Allies) Oi-i_: 70 mana, 30 hp
(26:20 / Allies) Oi-i_: and a coilmaster on ur taill
(26:33 / Allies) PEACENOPEACE: im leaving a staff
(26:34 / Allies) Oi-i_: ill put hall down
(26:35 / Allies) Oi-i_: uopstairs
(26:36 / Allies) PEACENOPEACE: becfause its a stupid item
(26:38 / Allies) PEACENOPEACE: and i dont want it
(26:42 / Allies) Oi-i_: fine
(27:07 / Allies) Oi-i_: expect dust.
(27:16 / All) Oi-i_: 37.5
(27:59 / All) Oi-i_: down to 2300
(28:01 / All) Oi-i_: from 6000
(28:06 / All) Oi-i_: how much did u get tokeep
(28:11 / All) Oi-i_: and how much did obama take for the bailout
(28:14 / All) Oi-i_: ;..;
(28:40 / Allies) Oi-i_: care
(29:10 / Allies) Oi-i_: u better not go
(29:11 / Allies) Oi-i_: ur beat up
(29:32 / Allies) Oi-i_: dust
(29:33 / Allies) Oi-i_: dust
(29:34 / Allies) Oi-i_: dstus'tesu'at
(29:34 / Allies) Oi-i_: sd
(29:34 / Allies) Oi-i_: sads
(29:57 / Allies) Oi-i_: lol
(30:16 / All) Oi-i_: r u gusy making a plan
(30:23 / All) Oi-i_: or jsut talking about what ur watchign on tv
(30:28 / Allies) PEACENOPEACE: if htey tech theyll have shades again
(30:36 / Allies) Oi-i_: shades are free xp
(30:41 / Allies) Oi-i_: well level 7 it doesnt matter
(30:44 / Allies) Oi-i_: but shades aretn too bad
(31:28 / Allies) PEACENOPEACE: i gotta have my poops
(31:30 / Allies) PEACENOPEACE: pops
(31:31 / Allies) PEACENOPEACE: lol
(31:34 / All) Oi-i_: do u guys mind
(31:36 / All) Oi-i_: if we take left too
(31:39 / All) Oi-i_: or did you want that one
(31:54 / Allies) PEACENOPEACE: im gonna slay this hero
(31:57 / Allies) Oi-i_: k
(31:57 / Allies) Oi-i_: omw
(31:58 / Allies) Oi-i_: gogo
(32:37 / All) Oi-i_: hooty hoo!
(32:51 / Allies) Oi-i_: now i have infinite staffs
(32:52 / All) Oi-i_: u liek that?
(32:58 / Allies) Oi-i_: bm is back
(32:59 / Allies) Oi-i_: lel
(33:08 / Allies) PEACENOPEACE: shade is back too
(33:12 / Allies) PEACENOPEACE: i cant go into that shitpit any more
(33:58 / Allies) PEACENOPEACE: u gon get netted
(34:10 / Allies) Oi-i_: shade
(34:12 / Allies) Oi-i_: on the loose
(34:13 / Allies) Oi-i_: go kill
(34:16 / Allies) Oi-i_: shade
(34:18 / Allies) Oi-i_: ont he loose
(34:22 / Allies) PEACENOPEACE: get ready
(34:35 / Allies) SimeonsDilemma: give me 1000 of each resource
(34:40 / All) Geffrey: map hacker?
(34:41 / Allies) Oi-i_: it would get taxed to shit
(35:29 / Allies) Oi-i_: should we have michael kill dotts
(35:33 / Allies) Oi-i_: so we can let him get wradn bac?
(35:40 / Allies) PEACENOPEACE: nah
(35:55 / Allies) PEACENOPEACE: they try to lure
(35:59 / Allies) Oi-i_: lol
(36:06 / Allies) Oi-i_: michael if ur gonna suicide those
(36:09 / Allies) Oi-i_: kill them urself
(36:10 / Allies) Oi-i_: dotn feed
(36:19 / Allies) PEACENOPEACE: false
(36:21 / Allies) PEACENOPEACE: not allowed
(36:23 / Allies) PEACENOPEACE: no feeding allowed
(36:30 / Allies) Oi-i_: u can kill em urself if u want
(36:34 / Allies) Oi-i_: these guys will never come to perch
(36:59 / All) Geffrey: noobs map hacker
(37:12 / Allies) PEACENOPEACE: at night im goign to run up to his town and bladestorm the psiders at the edge
(37:15 / Allies) PEACENOPEACE: then run away
(37:19 / Allies) Oi-i_: k
(37:20 / Allies) PEACENOPEACE: if its just the edge
(37:24 / Allies) PEACENOPEACE: i should be able to pull it off
(37:28 / Allies) Oi-i_: keep ur finger on invul
(37:46 / Allies) Oi-i_: michael if u get down to 0 food ill give u 700 gold 500 wood
(37:51 / Allies) PEACENOPEACE: night time is al ongs ways awy ghotuhg
(37:55 / Allies) PEACENOPEACE: 50 food
(37:58 / Allies) PEACENOPEACE: not 0
(38:01 / Allies) Oi-i_: no
(38:02 / Allies) Oi-i_: 0
(38:05 / Allies) Oi-i_: he has to make 1 well 1 altar
(38:05 / Allies) PEACENOPEACE: why
(38:08 / Allies) Oi-i_: not 7 wells and an altar
(38:12 / Allies) Oi-i_: hmm
(38:13 / Allies) PEACENOPEACE: oh
(38:14 / Allies) Oi-i_: idk
(38:16 / Allies) Oi-i_: he cuold
(38:17 / Allies) Oi-i_: make ihem
(38:19 / Allies) Oi-i_: on elft side
(38:21 / Allies) Oi-i_: no wait
(38:23 / Allies) Oi-i_: no he owuclnt
(38:39 / Allies) PEACENOPEACE: he could keep one alive htough
(38:41 / Allies) PEACENOPEACE: ten food
(38:42 / Allies) PEACENOPEACE: is a hero
(38:45 / Allies) PEACENOPEACE: and 2 wisps
(38:49 / Allies) PEACENOPEACE: and 3 more food
(39:03 / All) Oi-i_: that statue will cost money to repair
(39:05 / All) Oi-i_: :>
(39:23 / Allies) Oi-i_: maybe we should jsut feed them the dotts
(39:25 / Allies) Oi-i_: wahts the worst that culd happen
(39:30 / Allies) Oi-i_: nah nvm
(39:34 / Allies) Oi-i_: its bad principle
(39:37 / Allies) Oi-i_: they are being lazy shits
(39:40 / Allies) Oi-i_: we shouldnt feed them
(39:49 / Allies) Oi-i_: snipable shade
(39:54 / Allies) PEACENOPEACE: need a reveal
(39:55 / Allies) PEACENOPEACE: get ready
(39:58 / Allies) Oi-i_: k
(40:04 / Allies) Oi-i_: go
(40:04 / Allies) PEACENOPEACE: my ww is almost out
(40:05 / Allies) PEACENOPEACE: hold on
(40:08 / Allies) PEACENOPEACE: k
(40:16 / Allies) SimeonsDilemma: birdstorm
(40:48 / Allies) Oi-i_: lich was 1 hit fromd ed
(40:53 / Allies) Oi-i_: better to not risk it tho
(40:57 / Allies) PEACENOPEACE: yeah
(41:22 / Allies) Oi-i_: get to 50
(41:25 / Allies) Oi-i_: and tommy can godl u
(41:25 / Allies) SimeonsDilemma: no
(41:32 / Allies) Oi-i_: dotn u want warden
(41:38 / Allies) Oi-i_: we could retrain it to FOK
(41:42 / Allies) Oi-i_: fok is good for killing shades
(41:43 / Allies) Oi-i_: at a distance
(41:48 / Allies) Oi-i_: run up, flare and fok
(41:49 / Allies) Oi-i_: tjhen blink
(42:07 / Allies) PEACENOPEACE: if youre just goign to keep those shitty worthless birds
(42:10 / Allies) PEACENOPEACE: then harass thierb uildings
(42:12 / Allies) Oi-i_: hes gonna go attka with them
(42:12 / Allies) PEACENOPEACE: at orange base
(42:13 / Allies) Oi-i_: lol
(42:15 / Allies) PEACENOPEACE: but dont lose any
(42:20 / Allies) Oi-i_: leave one at our perch
(42:22 / Allies) Oi-i_: for transpaort
(42:33 / Allies) PEACENOPEACE: kill hte bats
(42:37 / Allies) PEACENOPEACE: or hell own you when yo utakeoff
(42:40 / Allies) PEACENOPEACE: run
(42:41 / Allies) PEACENOPEACE: FEED
(42:45 / Allies) PEACENOPEACE: FEED
(42:48 / Allies) PEACENOPEACE: YUMYUMS
(42:51 / Allies) PEACENOPEACE: SNACKS
(42:51 / Allies) Oi-i_: its ok
(43:02 / Allies) Oi-i_: toimmy u should have sniped shade
(43:04 / Allies) Oi-i_: whielt hat was goin gdown
(43:47 / Allies) Oi-i_: michael ur only 8 food over
(44:05 / Allies) SimeonsDilemma: fine
(44:29 / Allies) SimeonsDilemma: ok im at 48
(44:34 / Allies) PEACENOPEACE: next time i storm im getting that statue
(44:41 / Allies) Oi-i_: give him 2000
(45:18 / Allies) SimeonsDilemma: wheere to make wells
(45:20 / All) Oi-i_: what do u guys think ur chances are
(45:24 / All) Oi-i_: of being able to not lose this game
(45:32 / Allies) Oi-i_: at bottom i guess
(45:35 / Allies) Oi-i_: as far to left as u can
(46:14 / All) Oi-i_: LOL
(46:28 / Allies) PEACENOPEACE: u lose any?
(46:35 / Allies) Oi-i_: michael
(46:37 / Allies) Oi-i_: use the biggest space
(46:39 / Allies) Oi-i_: for ur altar
(46:41 / Allies) Oi-i_: and get it built
(46:48 / Allies) Oi-i_: i dont need warmill
(46:50 / Allies) Oi-i_: make altar on right
(46:53 / Allies) Oi-i_: lost 1
(46:55 / Allies) Oi-i_: for 4 bats
(47:20 / Allies) SimeonsDilemma: still need food genius
(47:36 / Allies) Oi-i_: lol
(47:37 / Allies) PEACENOPEACE: whyd you dol htat
(47:53 / Allies) PEACENOPEACE: go pick at the edge of his zig or something
(48:27 / Allies) PEACENOPEACE: does he plan on buying all hte invul pots
(48:28 / Allies) PEACENOPEACE: OMG
(48:29 / Allies) PEACENOPEACE: so i cant
(48:30 / Allies) PEACENOPEACE: OMG
(48:33 / Allies) PEACENOPEACE: thats what hes doing
(48:36 / Allies) PEACENOPEACE: look at his stupid bm hero
(48:38 / Allies) PEACENOPEACE: buying dust
(48:40 / Allies) PEACENOPEACE: and invul pots
(48:41 / Allies) PEACENOPEACE: as IF
(48:56 / Allies) PEACENOPEACE: i guess they want to keep stupid heros alive
(48:59 / Allies) PEACENOPEACE: but damn thats stupid
(49:28 / Allies) PEACENOPEACE: mchael get your hero back and quyit being retarded
(50:19 / Allies) PEACENOPEACE: i think ill mess around with my four bats for a bit
(50:56 / Allies) PEACENOPEACE: there
(50:58 / Allies) PEACENOPEACE: happy?
(51:02 / Allies) Oi-i_: he was fuckign with my stuff too
(51:08 / Allies) Oi-i_: zzz
(51:10 / Allies) SimeonsDilemma: no
(51:23 / Allies) Oi-i_: ...
(52:39 / Allies) SimeonsDilemma: stop killing that
(52:43 / Allies) PEACENOPEACE: no
(52:45 / Allies) SimeonsDilemma: baby
(52:49 / Allies) PEACENOPEACE: buttass
(52:59 / Allies) Oi-i_: he can afford a new one
(53:05 / Allies) PEACENOPEACE: not without a wisp he cant
(53:09 / Allies) Oi-i_: :/
(53:58 / Allies) Oi-i_: michel let me have a dot so i can put morts on cliff over htem
(54:57 / Allies) Oi-i_: ...
(56:15 / Allies) PEACENOPEACE: dont kill the well
(56:19 / Allies) PEACENOPEACE: what te hell
(56:25 / Allies) SimeonsDilemma: lol
(58:13 / Allies) Oi-i_: sahde
(58:15 / Allies) Oi-i_: on the moove
(58:31 / All) Oi-i_: huheuehueheuheuheuheuehue
(58:39 / Allies) SimeonsDilemma: still?
(59:05 / Allies) Oi-i_: go there so i can blow it up with tanks
(59:07 / Allies) SimeonsDilemma: yes, straight at 'em sir
(59:24 / Allies) PEACENOPEACE: ok?
(59:44 / Allies) Oi-i_: go to top zigs
(59:49 / Allies) Oi-i_: so i can tank them
(60:00 / Allies) Oi-i_: and if they run north
(60:02 / Allies) Oi-i_: when i do that
(60:04 / Allies) Oi-i_: then go bstorm
(60:11 / Allies) Oi-i_: or snipe ghouls
(60:17 / Allies) Oi-i_: make my morts ur number 0 or soemthing
(61:25 / Allies) Oi-i_: those raiders have level 2 unholy aura now
(61:37 / Allies) Oi-i_: think u cuold kill bm
(61:38 / Allies) Oi-i_: inc
(61:53 / Allies) Oi-i_: nvm
(62:04 / Allies) PEACENOPEACE: lol i bought hte dust and sold it
(62:09 / Allies) Oi-i_: :s
(62:11 / Allies) PEACENOPEACE: and when he got here ther was nothing
(62:51 / Allies) Oi-i_: raiders
(62:52 / Allies) Oi-i_: nvm
(62:55 / Allies) Oi-i_: thoguth he was going hunting
(62:58 / Allies) PEACENOPEACE: hmm
(63:04 / Allies) PEACENOPEACE: next time im goign to storm the raiders
(63:08 / Allies) PEACENOPEACE: he cant make more
(63:15 / Allies) Oi-i_: nvm
(63:18 / Allies) Oi-i_: hes gone
(63:36 / All) Oi-i_: u play dota?
(63:53 / All) Oi-i_: ur skill at controlling a single bm is about average, compared to ur worse than shit melee skill
(64:01 / Allies) Oi-i_: he comes shop over and over
(64:04 / Allies) Oi-i_: its a no go
(64:17 / Allies) Oi-i_: F'AF
(64:17 / Allies) Oi-i_: FASD
(64:21 / Allies) Oi-i_: RUN
(64:25 / Allies) Oi-i_: u could have killed him tho
(64:26 / Allies) Oi-i_: during tha tstaff
(64:27 / Allies) Oi-i_: meybe
(64:41 / Allies) Oi-i_: lol
(64:50 / Allies) Oi-i_: sopam ww
(64:56 / Allies) SimeonsDilemma: armor?
(64:56 / Allies) Oi-i_: nice
(64:57 / All) PEACENOPEACE: use more dust
(64:59 / Allies) Oi-i_: it wasnt even on yet
(65:00 / Allies) SimeonsDilemma: pfffffffffffffffffffff
(65:03 / Allies) Oi-i_: it showed the animation
(65:05 / Allies) Oi-i_: but ur last hit
(65:06 / Allies) Oi-i_: got no gold
(65:13 / All) PEACENOPEACE: cough cough
(65:15 / All) PEACENOPEACE: sure is dusty
(65:19 / All) PEACENOPEACE: phew
(65:26 / All) Oi-i_: "lookout, a dusty hobo is after our lich"
(65:27 / All) PEACENOPEACE: ILL WASH IT OFF WITH THIS LICH BLOOD
(65:53 / Allies) Oi-i_: doe michael nieed a altar for hero
(65:56 / Allies) Oi-i_: or can he raise at tavern
(65:57 / Allies) SimeonsDilemma: tell me when this is over
(66:08 / Allies) Oi-i_: he didnt give gold...
(66:11 / Allies) Oi-i_: god what was his prblem anyway
(66:14 / Allies) PEACENOPEACE: he was being an ass anyway
(66:27 / Allies) PEACENOPEACE: i dont know
(66:29 / All) Oi-i_: damn looks liek u guys are winnign the war of attirtion
(66:34 / Allies) Oi-i_: he kep casting cloud
(66:35 / Allies) PEACENOPEACE: if he was bored he should blame his own ineptitude
(66:41 / Allies) Oi-i_: and telling my shit to use all its invis mana
(66:45 / Allies) PEACENOPEACE: every time he tried to do something
(66:48 / Allies) Oi-i_: so i took away conrtorl
(66:53 / Allies) Oi-i_: yeah
(66:55 / Allies) Oi-i_: he ran warden
(66:56 / Allies) Oi-i_: into a corner
(66:59 / Allies) Oi-i_: with trees for 2 miles
(67:03 / Allies) Oi-i_: then he tried to blink
(67:05 / Allies) Oi-i_: intot he 2 mile forest
(67:06 / Allies) PEACENOPEACE: then he went to the other corner
(67:07 / Allies) Oi-i_: and it didnt work
(67:09 / Allies) Oi-i_: so i selected him
(67:11 / Allies) Oi-i_: and waited for net
(67:13 / Allies) Oi-i_: then staffed
(67:13 / Allies) PEACENOPEACE: then instead of blinking he just stood hter egetting ociled
(67:16 / Allies) Oi-i_: but they had hex
(67:19 / Allies) Oi-i_: if they didnt have hex
(67:20 / Allies) Oi-i_: hed be saved
(67:24 / Allies) Oi-i_: if i hadnt staffed
(67:26 / Allies) Oi-i_: he was dead
(67:31 / Allies) Oi-i_: so he was ded either way
(67:51 / Allies) Oi-i_: u got enough for like 10 more invuls
(68:01 / Allies) PEACENOPEACE: we could always land the tanks on them
(68:05 / Allies) PEACENOPEACE: its not like tey can make air
(68:05 / Allies) Oi-i_: ya that too
(68:46 / Allies) Oi-i_: lol more invul
(69:05 / Allies) Oi-i_: next time u bstorm
(69:07 / Allies) Oi-i_: im gonna blizz
(69:14 / Allies) Oi-i_: gogo
(69:15 / Allies) Oi-i_: go storm
(69:17 / Allies) Oi-i_: ill blizz
(69:46 / Allies) Oi-i_: aww
(69:46 / Allies) PEACENOPEACE: killed nothing
(69:47 / Allies) Oi-i_: stray wavon
(69:48 / Allies) PEACENOPEACE: as usual
(69:52 / Allies) Oi-i_: i see one skelly
(70:06 / Allies) PEACENOPEACE: im just going to hit his buildings from now on
(70:10 / Allies) PEACENOPEACE: and knock them out of hte game
(70:21 / Allies) PEACENOPEACE: or bring them down to one building or something
(70:36 / Allies) Oi-i_: nvm
(70:39 / Allies) Oi-i_: was hoping for raider chase
(71:10 / Allies) Oi-i_: get him
(71:22 / Allies) PEACENOPEACE: abort
(71:26 / Allies) Oi-i_: sahde
(71:27 / Allies) Oi-i_: shade
(71:30 / Allies) PEACENOPEACE: nah
(71:56 / Allies) Oi-i_: i could have morted him from cliff
(71:57 / Allies) Oi-i_: im pretty sure
(72:01 / Allies) Oi-i_: if michael hadnt decided to tk
(72:31 / Allies) Oi-i_: shade
(72:32 / Allies) PEACENOPEACE: shade out
(72:33 / Allies) Oi-i_: on teh loose
(72:34 / Allies) PEACENOPEACE: get morts
(72:34 / Allies) Oi-i_: 2 late
(72:40 / Allies) Oi-i_: raiders
(73:15 / Allies) Oi-i_: 1
(73:20 / Allies) PEACENOPEACE: one more
(73:28 / Allies) PEACENOPEACE: actually wait
(73:32 / Allies) Oi-i_: they have no dust
(73:34 / Allies) Oi-i_: so once u smoke the shade
(73:35 / Allies) PEACENOPEACE: when i go in i can affort to use windwalk attack bonus once
(73:37 / Allies) Oi-i_: ur home free
(73:45 / Allies) Oi-i_: jsut go in invul
(73:46 / Allies) PEACENOPEACE: so flare before i go in to storm
(73:47 / Allies) Oi-i_: and killt he shade
(73:48 / Allies) Oi-i_: and ww again
(73:49 / Allies) PEACENOPEACE: then ill normal storm
(73:51 / Allies) Oi-i_: k
(73:52 / Allies) Oi-i_: get shhade first
(74:02 / Allies) PEACENOPEACE: get ready
(74:20 / Allies) Oi-i_: the raider
(74:22 / Allies) Oi-i_: he cant see invis
(74:23 / Allies) Oi-i_: nvm
(74:24 / Allies) Oi-i_: hex
(74:33 / Allies) Oi-i_: get his aco
(74:35 / Allies) Oi-i_: with ww spam
(74:38 / Allies) Oi-i_: itll save u 150 gold
(74:40 / Allies) Oi-i_: get hte aco in back
(74:47 / Allies) Oi-i_: acio
(74:49 / Allies) Oi-i_: 150 gold
(74:49 / Allies) Oi-i_: aco
(74:54 / Allies) Oi-i_: raider has 10000 armor
(74:56 / Allies) Oi-i_: and is spirt linked
(74:58 / Allies) Oi-i_: adn they could hex or heal
(75:00 / Allies) Oi-i_: at any second
(75:01 / Allies) Oi-i_: get aco
(75:09 / Allies) Oi-i_: he is just gonna heal it when u need heal last
(75:10 / Allies) Oi-i_: get aco
(75:13 / Allies) Oi-i_: aco = shade
(75:16 / Allies) PEACENOPEACE: what for
(75:20 / Allies) Oi-i_: an aco is a shade
(75:20 / Allies) PEACENOPEACE: no shade pit
(75:27 / Allies) Oi-i_: oh
(75:28 / Allies) Oi-i_: i didnt see
(75:31 / Allies) Oi-i_: get it anywy
(75:33 / Allies) Oi-i_: he cant unsummon then
(75:45 / Allies) Oi-i_: his sw
(75:47 / Allies) Oi-i_: is outta mana
(75:47 / Allies) Oi-i_: sh
(75:49 / Allies) Oi-i_: not fo rlogn tho
(75:54 / Allies) PEACENOPEACE: look at him micro the raider
(76:02 / Allies) Oi-i_: lol
(76:03 / Allies) Oi-i_: dota fag
(76:05 / Allies) PEACENOPEACE: it doesnt matter
(76:08 / Allies) PEACENOPEACE: im going to invul own that thing
(76:10 / Allies) Oi-i_: he sunsummoning now
(76:10 / Allies) Oi-i_: sweet
(76:16 / Allies) Oi-i_: just invul and right click
(76:18 / Allies) Oi-i_: it does more damage
(76:30 / Allies) Oi-i_: he
(76:31 / Allies) Oi-i_: remakign shade pit
(76:33 / Allies) Oi-i_: told u so
(76:37 / Allies) PEACENOPEACE: oh well
(76:52 / Allies) Oi-i_: the good news is his altar is ded
(77:08 / Allies) PEACENOPEACE: hex
(77:10 / Allies) PEACENOPEACE: ur playing it rough
(77:31 / Allies) Oi-i_: they should put the shade
(77:34 / Allies) Oi-i_: behind building
(77:37 / Allies) Oi-i_: then wall it in with items
(77:38 / Allies) Oi-i_: lol
(77:59 / Allies) Oi-i_: lol
(78:00 / Allies) Oi-i_: armor
(78:24 / Allies) Oi-i_: wanna jack bm?
(78:43 / Allies) Oi-i_: dk up top
(78:57 / Allies) Oi-i_: nm
(79:12 / Allies) PEACENOPEACE: he hgas shade
(79:19 / All) Oi-i_: thatll cost ya
(79:20 / All) Oi-i_: to repair
(79:42 / Allies) Oi-i_: lol
(79:44 / Allies) Oi-i_: he loaded
(79:45 / Allies) Oi-i_: his fiend bodies
(80:06 / Allies) Oi-i_: right lcick
(80:12 / Allies) Oi-i_: o well
(80:37 / Allies) Oi-i_: paul
(80:39 / Allies) Oi-i_: is 19/30
(80:42 / Allies) Oi-i_: he can only unsummone one zig
(80:45 / Allies) Oi-i_: the crypt is other guys
(80:49 / Allies) Oi-i_: so he is limited for shades
(80:51 / Allies) Oi-i_: to liek 6 more
(80:52 / Allies) Oi-i_: tops
(81:09 / Allies) Oi-i_: god
(81:09 / Allies) PEACENOPEACE: :>
(81:11 / Allies) Oi-i_: i got a virus scan
(81:12 / Allies) Oi-i_: just now
(81:17 / Allies) Oi-i_: i thought i was runing into them
(81:19 / Allies) Oi-i_: fotunately i wasnt
(81:32 / Allies) PEACENOPEACE: yeah i always give emergency "computer faggot" shift orders
(81:42 / Allies) PEACENOPEACE: so that in the event mcaffee or seom equivalent tries to own mne
(81:43 / Allies) Oi-i_: he has 2 shades
(81:46 / Allies) Oi-i_: and enough godl for 2 more
(81:50 / Allies) Oi-i_: and tiems
(81:51 / Allies) PEACENOPEACE: i dont care
(81:53 / Allies) PEACENOPEACE: he can make a million
(82:05 / Allies) PEACENOPEACE: shade hasnt saved him from storm yet
(82:41 / Allies) Oi-i_: u gonna bat volley?
(83:16 / All) Oi-i_: ajhuehuehueaheuaheuaheuahea
(83:21 / Allies) Oi-i_: i forgot i had it
(83:22 / Allies) Oi-i_: lol
(83:28 / Allies) PEACENOPEACE: lich in open
(83:30 / Allies) PEACENOPEACE: time to eat
(83:31 / Allies) Oi-i_: ya
(83:34 / Allies) Oi-i_: i got a shade
(83:35 / Allies) Oi-i_: with blizz
(83:36 / Allies) PEACENOPEACE: darn
(83:45 / Allies) PEACENOPEACE: get flare
(83:46 / Allies) PEACENOPEACE: te sahe
(83:58 / All) Oi-i_: wow
(83:59 / Allies) PEACENOPEACE: no net remember
(83:59 / All) Oi-i_: he can talk
(84:00 / All) Oi-i_: after all
(84:03 / Allies) PEACENOPEACE: the worst he can do is hex
(84:10 / Allies) Oi-i_: level 1 hex at that
(84:20 / All) CaptainCoco: big cong
(84:27 / Allies) Oi-i_: diner time
(84:28 / Allies) Oi-i_: afk
(90:58 / All) PEACENOPEACE: would you guys rather if i just beat you now?
(91:24 / All) PEACENOPEACE: that was a serious question
(91:47 / Allies) PEACENOPEACE: time to win them
(91:48 / All) Oi-i_: admiral jeffy and the noob navy
(91:53 / Allies) PEACENOPEACE: mass tp in to my invis gjuy
(91:56 / Allies) PEACENOPEACE: with hte tanks
(92:00 / Allies) PEACENOPEACE: and dont even kill hteir units
(92:02 / Allies) PEACENOPEACE: comprende?
(92:05 / Allies) Oi-i_: k
(92:11 / Allies) PEACENOPEACE: they have no shade
(92:36 / All) Oi-i_: abueheuaheuahueheauhauehuaehuaehuaehuhaea
(92:44 / All) Oi-i_: thats all we have
(92:45 / All) PEACENOPEACE: :>